 Dungeon Crawl Stone Soup version 0.27.0-1-g7a089689b8 (webtiles) character file.

Game seed: 3116479816509249163

210 Dennis261 the Skirmisher (level 5, -14/34 HPs)
             Began as a Gargoyle Berserker on Aug 2, 2021.
             Was a Believer of Okawaru.
             Demolished by a polar bear (22 damage)
             ... created by the rage of Trog
             ... on level 4 of the Dungeon.
             The game lasted 00:11:14 (2499 turns).

Dennis261 the Skirmisher (Gargoyle Berserker)       Turns: 2499, Time: 00:11:15

Health: -14/34     AC: 10    Str: 21    XL:     5   Next: 87%
Magic:  5/5        EV: 10    Int:  8    God:    Okawaru [**....]
Gold:   103        SH:  0    Dex:  9    Spells: 4/4 levels left

rFire    . . .     SeeInvis .   a - +0 mace
rCold    . . .     Faith    .   (no shield)
rNeg     + . .     Spirit   .   e - +0 scale mail
rPois    ∞         Reflect  .   (no helmet)
rElec    +         Harm     .   (no cloak)
rCorr    +         Rampage  .   (no gloves)
Will     .....                  (no boots)
Stlth    ..........             m - amulet of regeneration
HPRegen  1.11/turn              v - ring of resist corrosion
MPRegen  0.09/turn              (no ring)

@: no status effects
A: sickness immunity, AC +4, negative energy resistance 1, electricity
resistance, torment resistance 1, petrification resistance
a: Renounce Religion, Heroism


You were on level 4 of the Dungeon.
You worshipped Okawaru.
Okawaru was pleased with you.
You visited 1 branch of the dungeon, and saw 4 of its levels.

You collected 103 gold pieces.

Inventory:

Hand Weapons
 a - a +0 mace (weapon)
 g - a +0 hunting sling
 i - a +0 dagger
 j - a +0 dagger
 l - a +0 club
 q - a +0 club
 r - a +0 dagger
 s - a +0 mace
 w - a +0 dagger of holy wrath
Armour
 b - a +0 animal skin
 e - a +0 scale mail (worn)
 t - a +0 animal skin
 u - a +0 helmet
Jewellery
 m - an amulet of regeneration (around neck)
 v - a ring of resist corrosion (left hand)
Scrolls
 c - a scroll of vulnerability {unknown}
 f - 2 scrolls of identify {unknown}
 h - a scroll of magic mapping {unknown}
 k - 3 scrolls of teleportation {unknown}
 n - a scroll of enchant armour {unknown}
 o - a scroll of fog {unknown}
Potions
 d - 2 potions of heal wounds {unknown}
 p - a potion of magic {unknown}


   Skills:
 + Level 4.6 Fighting
 + Level 0.1 Short Blades
 + Level 4.4 Maces & Flails
 + Level 3.6 Armour
 + Level 2.1 Dodging
 + Level 0.3 Stealth


You had 4 spell levels left.
You didn't know any spells.
Your spell library was empty.

Dungeon Overview and Level Annotations

Branches:
Dungeon (4/15)
 Temple: D:4-7

Altars:
Gozag
Okawaru


Innate Abilities, Weirdness & Mutations

You are immune to sickness and miasma.
Your stone body is resilient. (AC +4)
You are immune to poison.
You resist negative energy. (rN+)
You are resistant to electric shocks. (rElec)
You are resistant to unholy torment.
You are immune to petrification.


Message History

An adder comes into view.
You see here 14 arrows.
An adder skeleton comes into view.
You hit the adder.
The adder is lightly wounded.
The adder bites you but does no damage.
You barely miss the adder.
The adder is lightly wounded.
The adder bites you but does no damage. x2
You hit the adder but do no damage.
The adder is lightly wounded.
The adder bites you but does no damage. The adder skeleton closely misses you.
The adder barely misses you.
You hit the adder skeleton.
The adder skeleton is lightly damaged.
The adder skeleton bites you. The adder barely misses you.
The adder skeleton bites you but does no damage.
Trog sends monsters to punish you. 3 polar bears come into view.
You hit the adder skeleton.
The adder skeleton is heavily damaged.
The adder closely misses you. The adder skeleton misses you.
The adder bites you but does no damage.
You closely miss the adder.
The adder is lightly wounded.
The adder bites you.
You barely miss the adder.
The adder is lightly wounded.
The adder completely misses you. The polar bear bites you!
The polar bear claws you but does no damage. x2
The adder bites you but does no damage.
You thump the adder!
You kill the adder!
Okawaru accepts your kill. The polar bear bites you!!
Ouch! That really hurt!
* * * LOW HITPOINT WARNING * * *
The polar bear closely misses you. x2; The polar bear bites you!!
Ouch! That really hurt!
You die...

.# ### .# #..
.. ... .
#.#.# #.#.#
#hZ.# #h# #@#
#h# #.#
#.###########
#(..........#
#..########.#
##..#
#.######
....#
#......#
###..#
######.#


You could see 3 polar bears and an adder skeleton.

Vanquished Creatures
  A scorpion (D:2)
  A centaur skeleton (D:4)
  Robin (D:2)
  5 adders
  2 worms (D:2)
  An orc (D:3)
  5 ball pythons
  4 endoplasms
  6 giant cockroaches
  14 goblins
  3 hobgoblins
  3 jackals (D:2)
  6 bats
  A frilled lizard (D:2)
  4 kobolds
  7 rats
64 creatures vanquished.

Vanquished Creatures (others)
  9 plants (D:1)
  6 withered plants (D:1)
15 creatures vanquished.

Grand Total: 79 creatures vanquished

Notes
Turn   | Place    | Note
-------+----------+-------------------------------------------
     0 | D:1      | Dennis261 the Gargoyle Berserker began the quest for the
                  | Orb.
     0 | D:1      | Reached XP level 1. HP: 14/14 MP: 1/1
   369 | D:1      | Reached XP level 2. HP: 19/19 MP: 2/2
   558 | D:1      | Found a faded altar of an unknown god.
   612 | D:1      | Fell from the grace of Trog
   612 | D:1      | Became a worshipper of Warmaster Okawaru
   612 | D:1      | Reached * piety under Okawaru
   765 | D:2      | Reached XP level 3. HP: 24/24 MP: 3/3
  1577 | D:2      | Reached XP level 4. HP: 14/29 MP: 4/4
  1887 | D:2      | Noticed Robin
  1927 | D:2      | Killed Robin
  1959 | D:2      | Found an opulent altar of Gozag.
  1989 | D:2      | Noticed a scorpion
  2006 | D:2      | Killed a scorpion
  2007 | D:2      | Reached XP level 5. HP: 29/34 MP: 5/5
  2430 | D:4      | Reached ** piety under Okawaru
  2496 | D:4      | Noticed a polar bear
  2496 | D:4      | Noticed a polar bear
  2496 | D:4      | Noticed a polar bear
  2499 | D:4      | Demolished by a polar bear

Illustrated notes

Levels and vault maps discovered:
D:1:      denvon_arrival_hothouse, layout_rooms,
          shapermc_ecumenical_altar_flowoftime, minmay_worlds_worst_comb
D:2:      layout_loops_corners, basic_altar, uniq_robin
D:3:      layout_basic, serial_shops, shop, shop, nicolae_square_shop,
          uniq_grinder
D:4:      layout_loops_ring, minmay_temple_entry_from_below_a, uniq_ijyb,
          uniq_sigmund

Skill      XL: |  1  2  3  4  5 |
---------------+----------------+-----
Dodging        | 2 |  2.1
Maces & Flails | 4 |  4.4
Fighting       | 4 |  4.6
Armour         | 3 |  3.6
Short Blades   | |  0.1
Stealth        | |  0.3

Action                   |  1- 3 |  4- 6 || total
-------------------------+-------+-------++-------
Melee: Mace              |   134 |   122 ||   256
       Dagger            |       |    12 ||    12
Invok: Heroism           |       |     1 ||     1
  Use: Scroll            |     1 |       ||     1
Armor: Scale mail        |    74 |    90 ||   164
Dodge: Dodged            |    69 |   102 ||   171
